 Dungeon Crawl Stone Soup version 0.30.1 (webtiles) character file.

Game seed: 3194525328949371974

51798 monsoonserge the Cleaver (level 14, -2/127 HPs)
             Began as a Hill Orc Fighter on July 4, 2023.
             Was the Champion of Jiyva.
             Slain by a six-headed hydra simulacrum (12 damage)
             ... in the Vestibule of Hell.
             The game lasted 01:13:29 (13970 turns).

monsoonserge the Cleaver (Hill Orc Fighter)        Turns: 13970, Time: 01:13:30

Health: -2/127     AC: 26    Str: 32    XL:     14   Next: 3%
Magic:  0/14       EV: 12    Int:  8    God:    Jiyva [******]
Gold:   913        SH:  0    Dex: 10    Spells: 13/13 levels left

rFire   + + .        a - +8 frozen axe "Frostbite" {freeze, freezing cloud, *Noise Fly rC+}
rCold   + . .        (shield currently unavailable)
rNeg    + + .        U - +10 scale mail of Postoler {Harm Fly rElec Stlth-}
rPois   +            p - +0 helmet of the Barracuda {rN++ Regen+}
rElec   +            C - +1 cloak "Icerch" {rCorr Str+2}
rCorr   +            (no gloves)
SInv    .            (no boots)
Will    +....        r - amulet of guardian spirit Stlth
                     q - ring of poison resistance
HPRegen 2.81/turn    Y - +6 ring of strength
MPRegen 0.64/turn

%: harm (+30% outgoing, +20% incoming), guardian spirit
@: flying
A: claws 2, hooves 1, iridescent scales 2, fire resistance 2, passive freeze,
sense surroundings 3, eyeballs 1
}: 1/15 runes: slimy
a: Renounce Religion, Oozemancy, Slimify


You were in the Vestibule of Hell.
You worshipped Jiyva.
Jiyva was exalted by your worship.
You visited 5 branches of the dungeon, and saw 22 of its levels.
You also visited: Sewer.

You collected 1473 gold pieces.
You spent 560 gold pieces at shops.

Inventory:

Hand Weapons
 a - the +8 frozen axe "Frostbite" (weapon) {freeze, freezing cloud, *Noise Fly rC+}
   (You found it on level 5 of the Pits of Slime)

   rC:        It protects you from cold.
   Fly:       It grants you flight.
   *Noise:    It may make noises in combat.
 b - the +9 shortbow of Contradiction {elec, rF+ Int-4 Dex+6}
   (You found it on level 5 of the Pits of Slime)

   Int:       It affects your intelligence (-4).
   Dex:       It affects your dexterity (+6).
   rF:        It protects you from fire.
 c - the +8 arbalest "Kaheceutu" {drain, rCorr Int+2}
   (You found it on level 5 of the Pits of Slime)

   Int:       It affects your intelligence (+2).
   rCorr:     It protects you from acid and corrosion.
 k - the +10 war axe "Fopobo" {protect, rPois Str+3 Stlth+}
   (You found it on level 5 of the Pits of Slime)

   Str:       It affects your strength (+3).
   rPois:     It protects you from poison.
   Stlth:     It makes you more stealthy.
Missiles
 B - 7 boomerangs (quivered)
 L - 39 poisoned darts
 N - a throwing net
 T - a curare-tipped dart
Armour
 o - a +0 kite shield
 p - the +0 helmet of the Barracuda (worn) {rN++ Regen+}
   (You found it on level 5 of the Pits of Slime)

   rN:        It greatly protects you from negative energy.
   Regen:     It increases your rate of health regeneration.
 C - the +1 cloak "Icerch" (worn) {rCorr Str+2}
   (You bought it in a shop on level 5 of the Dungeon)

   Str:       It affects your strength (+2).
   rCorr:     It protects you from acid and corrosion.
 U - the +10 scale mail of Postoler (worn) {Harm Fly rElec Stlth-}
   (You bought it in a shop on level 5 of the Dungeon)

   rElec:     It insulates you from electricity.
   Fly:       It grants you flight.
   Harm:      It increases damage dealt and taken.
   Stlth:     It makes you less stealthy.
 X - the +0 pair of boots "Ajosyscho" {rElec rPois}
   (You bought it in a shop on level 5 of the Dungeon)

   rElec:     It insulates you from electricity.
   rPois:     It protects you from poison.
Jewellery
 m - a +6 ring of dexterity
 q - a ring of poison resistance (left claw)
 r - an amulet of guardian spirit (around neck)
 u - a ring of protection from cold
 D - a ring of willpower
 I - a +4 ring of protection
 Y - a +6 ring of strength (right claw)
Wands
 G - a wand of flame (38)
 S - a wand of iceblast (6)
Scrolls
 f - 2 scrolls of vulnerability
 j - 5 scrolls of teleportation
 l - 3 scrolls of magic mapping
 n - a scroll of enchant armour
 v - 2 scrolls of brand weapon
 z - 4 scrolls of fog
 E - 2 scrolls of enchant weapon
 F - a scroll of summoning
 J - 4 scrolls of immolation
 M - a scroll of blinking
 Q - a scroll of silence
 V - a scroll of poison
 W - 2 scrolls of fear
Potions
 d - 5 potions of might
 e - 2 potions of cancellation
 g - a potion of brilliance {unknown}
 h - 2 potions of haste
 i - 4 potions of curing
 t - 3 potions of berserk rage
 w - 4 potions of mutation
 x - a potion of flight {unknown}
 y - a potion of ambrosia {unknown}
 A - a potion of resistance {unknown}
 K - a potion of lignification {unknown}
 O - a potion of attraction {unknown}
 P - a potion of magic {unknown}
 Z - a potion of invisibility
Miscellaneous
 s - a phantom mirror
 H - a box of beasts


   Skills:
 + Level 12.8 Fighting
 + Level 14.7(16.7) Axes
 + Level 11.2(13.6) Polearms
 + Level 4.7 Ranged Weapons
 + Level 0.7 Throwing
 + Level 8.7 Armour
 + Level 5.6 Dodging
 - Level 2.0 Stealth
 - Level 9.0 Shields
 + Level 7.0 Evocations


You had 13 spell levels left.
You didn't know any spells.
Your spell library contained the following spells:

 Spells                   Type           Power      Damage    Failure   Level
 Cigotuvi's Dreadful Rot  Necr/Pois/Air  0%         N/A       75%         2
 Ensorcelled Hibernation  Hex/Ice        0%         N/A       75%         2
 Ignite Poison            Fire/Tmut/Pois 0%         N/A       93%         3
 Inner Flame              Hex/Fire       0%         N/A       93%         3
 Spider Form              Tmut/Pois      0%         N/A       93%         3
 Anguish                  Hex/Necr       0%         N/A       100%        4
 Flame Wave               Conj/Fire      0%         2d4       100%        4
 Sticky Flame             Conj/Fire      0%         2d3       100%        4
 Freezing Cloud           Conj/Ice/Air   0%         6-21      100%        5


Dungeon Overview and Level Annotations

Branches:
Dungeon (10/15)            Temple (1/1) D:6            Lair (5/5) D:10
 Shoals (0/4) Lair:3        Snake (0/4) Lair:3        Slime (5/5) Lair:4
   Hell (1/1)               Sewer (visited)
    Orc: D:9-12         Dis: Hell:1         Geh: Hell:1         Coc: Hell:1
    Tar: Hell:1

Altars:
Cheibriados
Elyvilon
Hepliaklqana
Makhleb
Nemelex Xobeh
Ru
Sif Muna
Trog
Yredelemnul
Zin
The Shining One
Jiyva

Shops:
D:5 [

Portals:
Hell: Lair:5

Annotations:
D:9 2 transporters, Tiring's ghost, novice FoFi
Slime:5 Royal Jelly
Hell Geryon


Innate Abilities, Weirdness & Mutations

You have very sharp fingernails.
You have large cloven feet.
You are mostly covered in iridescent scales. (AC +4)
Your flesh is very heat resistant. (rF++)
A frigid envelope surrounds you and freezes all who hurt you.
You passively map a large area around you.
Your body has grown eyes which may confuse attackers. (Acc +3)


Message History

The hell beast misses you. The hell beast tramples you!
* * * LOW HITPOINT WARNING * * *
The hell beast is very cold.
The hell beast is heavily wounded.
The anaconda simulacrum bites the reaper but does no damage.
The sun demon hits you.
* * * LOW HITPOINT WARNING * * *
You are engulfed in flames.
You resist.
* * * LOW HITPOINT WARNING * * *
The sun demon is frozen!
The sun demon is very cold.
The sun demon is heavily wounded.
The reaper barely misses you.
The hell beast bites you but does no damage.
The hell beast misses you.
The hell beast bites you but does no damage.
The hell beast is very cold.
The hell beast is heavily wounded.
The hell beast misses you.
The sun demon hits you but does no damage.
The sun demon is frozen!
The sun demon is very cold.
The sun demon is severely wounded.
There is a gateway back to the Dungeon here.
The hell beast bites you!
* * * LOW HITPOINT WARNING * * *
The hell beast is very cold.
The hell beast is lightly wounded.
The hell beast tramples you.
* * * LOW HITPOINT WARNING * * *
You are shoved backwards!
You stop ascending the stairs.
Geryon winds a great silver horn.
The hell beast bites you but does no damage.
The hell beast is very cold.
The hell beast is severely wounded.
The hell beast tramples you but does no damage.
The six-headed hydra simulacrum bites you but does no damage.
The six-headed hydra simulacrum bites you.
* * * LOW HITPOINT WARNING * * *
The six-headed hydra simulacrum freezes you!
You resist.
You die...

~,, ,, ~
..................... ~,,
≈..............∩...... ,
, ≈≈....................
, ,.≈≈...................
~ ,
~,,≈≈≈≈........).........
, ,,
≈≈≈≈≈....Z............, ~
≈~≈~.≈..§.32.......... ~,
, ......Z.22....∩.......
~ ,,
,~~.≈≈.~@2.&2..........
,~ ,,,
...................... ~
,, ~
~≈≈.~≈.................,
, ~
≈≈≈≈≈................., ~
~≈≈≈≈..................
,~ , ,
.≈≈................... ,
~≈≈....................,
~ , ≈..............∩....
, ~ , ,


You could see Geryon, 4 hell beasts, a reaper, a sun demon, an anaconda
simulacrum (confused) and a six-headed hydra simulacrum.

Vanquished Creatures
  Kirke (Lair:5)
  A dire elephant (Lair:5)
  5 hydras (Lair:5)
  2 catoblepae (Lair:5)
  A two-headed ogre (D:8)
  A boulder beetle (Lair:5)
  2 skysharks (Lair:5)
  A sun demon (Lair:5)
  A wizard (Lair:5)
  A salamander (Lair:3)
  12 elephants (Lair:3)
  3 black mambas (Lair:5)
  3 orange demons (Lair:5)
  11 cane toads
  Maggie (D:6)
  4 rime drakes
  10 komodo dragons
  4 ice devils
  A red devil (Hell)
  A hellwing (Lair:5)
  A troll (D:7)
  2 polar bears
  7 blink frogs
  2 hornets (D:10)
  A dream sheep (Lair:5)
  3 shadows
  26 yaks
  3 basilisks (Lair:5)
  3 wyverns
  3 hogs (Lair:5)
  A steam dragon (Lair:1)
  15 water moccasins
  3 hell hounds (Lair:5)
  A black bear (D:5)
  2 ice beasts
  5 orc warriors
  A swamp drake (Lair:1)
  A sky beast (D:6)
  8 wolves
  2 centaurs
  5 kobold brigands
  A phantom (D:7)
  Blork the orc (D:5)
  2 gnoll sergeants
  18 bullfrogs
  7 wights
  5 scorpions
  2 killer bees (D:9)
  An electric eel (Lair:2)
  2 lava snakes (Lair:3)
  6 orc priests
  2 hounds
  A gnoll bouda (D:7)
  2 sleepcaps
  14 iguanas
  6 orc wizards
  A mummy (D:9)
  18 gnolls
  6 adders
  A river rat (Sewer)
  A shadow imp (D:7)
  2 white imps
  An ufetubus (D:7)
  4 worms
  40 orcs
  7 bats
  5 endoplasms
  5 giant cockroaches
  9 hobgoblins
  9 jackals
  25 kobolds
  3 quokkas
  5 ball pythons
  21 frilled lizards
  2 goblins
  2 goblin skeletons (D:5)
  2 hobgoblin zombies (D:5)
  An orc skeleton (D:5)
  An orc zombie (D:5)
  7 rats
409 creatures vanquished.

Vanquished Creatures (others)
  The ghost of suzumiya the Bludgeoner, a journeyman GrFi of Qazlal (Lair:2)
  A glowing orange brain (Lair:2)
  A slime creature (Lair:2)
  Sigmund (D:3)
  A basilisk (Lair:5)
  A black bear (Lair:1)
  A bullfrog (D:8)
  A killer bee (D:9)
  26 jellies
  An orc priest (D:5)
  Ijyb (D:3)
  2 iguanas
  An orc wizard (D:9)
  An adder (D:5)
  2 river rats (Sewer)
  11 orcs
  3 endoplasms
  3 giant cockroaches
  A goblin (D:3)
  A quokka (D:5)
  3 ball pythons
  A bat (D:3)
  2 frilled lizards
  2 kobolds
  A butterfly (Lair:2)
70 creatures vanquished.

Grand Total: 479 creatures vanquished

Notes
Turn   | Place    | Note
-------+----------+-------------------------------------------
     0 | D:1      | monsoonserge the Hill Orc Fighter began the quest for the
                  | Orb.
     0 | D:1      | Reached XP level 1. HP: 19/19 MP: 1/1
    97 | D:1      | Reached XP level 2. HP: 19/27 MP: 2/2
   367 | D:1      | Reached XP level 3. HP: 33/33 MP: 3/3
   368 | D:1      | Reached skill level 3 in Axes
  1288 | D:2      | Found a faded altar of an unknown god.
  1304 | D:2      | Prayed at the altar of an unknown god.
  1304 | D:2      | Became a worshipper of Jiyva Jeer the Shapeless
  1304 | D:2      | Reached * piety under Jiyva
  1376 | D:2      | Reached XP level 4. HP: 40/40 MP: 4/4
  1670 | D:3      | Reached skill level 4 in Axes
  1769 | D:3      | Reached XP level 5. HP: 47/47 MP: 5/5
  1778 | D:3      | Found a glowing drain.
  1807 | Sewer    | Entered a sewer
  1860 | Sewer    | Reached ** piety under Jiyva
  1903 | Sewer    | Found a viscous altar of Jiyva.
  1971 | D:3      | Killed Sigmund
  2129 | D:3      | Killed Ijyb
  2268 | D:3      | Found a hazy altar of Hepliaklqana.
  2505 | D:3      | Reached skill level 5 in Axes
  2516 | D:4      | Reached XP level 6. HP: 26/55 MP: 6/6
  2517 | D:4      | Reached skill level 5 in Fighting
  2571 | D:4      | Reached *** piety under Jiyva
  2591 | D:4      | Reached skill level 1 in Dodging
  2592 | D:4      | Found a sacrificial altar of Ru.
  2658 | D:4      | Reached skill level 6 in Axes
  2779 | D:4      | Gained mutation: Your body has grown eyes which may confuse
                  | attackers. (Acc +3) [Jiyva's grace]
  2779 | D:4      | Gained mutation: Your body has grown many eyes which may
                  | confuse attackers. (Acc +5) [Jiyva's grace]
  2779 | D:4      | Gained mutation: Your body is covered in eyes which may
                  | confuse attackers. (Acc +7, SInv) [Jiyva's grace]
  2779 | D:4      | Gained mutation: You have a small jelly attached to you
                  | that senses nearby items. [Jiyva's grace]
  3134 | D:5      | Entered Level 5 of the Dungeon
  3166 | D:5      | Found a glowing golden altar of the Shining One.
  3203 | D:5      | Reached XP level 7. HP: 61/61 MP: 7/7
  3210 | D:5      | Noticed Blork the orc
  3219 | D:5      | Killed Blork the orc
  3320 | D:5      | Reached skill level 7 in Axes
  3360 | D:5      | Reached **** piety under Jiyva
  3763 | D:5      | Reached skill level 8 in Axes
  3769 | D:5      | Found Vuwaakloci's Antique Armour Shoppe.
  3778 | D:5      | Reached XP level 8. HP: 64/71 MP: 8/8
  3794 | D:5      | Bought a scorched cloak for 190 gold pieces
  3794 | D:5      | Identified the +1 cloak "Icerch" {rCorr Str+2} (You bought
                  | it in a shop on level 5 of the Dungeon)
  3990 | D:6      | Reached skill level 9 in Axes
  4018 | D:6      | Reached skill level 5 in Armour
  4252 | D:6      | Found a staircase to the Ecumenical Temple.
  4261 | Temple   | Entered the Ecumenical Temple
  4333 | D:6      | Reached ***** piety under Jiyva
  4356 | D:6      | Noticed Maggie
  4369 | D:6      | Killed Maggie
  4370 | D:6      | Reached skill level 10 in Axes
  4370 | D:6      | Reached skill level 1 in Stealth
  4541 | D:7      | Noticed a troll
  4556 | D:7      | Killed a troll
  4557 | D:7      | Reached XP level 9. HP: 73/81 MP: 9/9
  4599 | D:7      | Lost mutation: Your body is covered in eyes which may
                  | confuse attackers. (Acc +7, SInv) [Jiyva's grace]
  4599 | D:7      | Lost mutation: You have a small jelly attached to you that
                  | senses nearby items. [Jiyva's grace]
  4599 | D:7      | Gained mutation: You have sharp fingernails. [Jiyva's
                  | grace]
  4599 | D:7      | Gained mutation: You have very sharp fingernails. [Jiyva's
                  | grace]
  4599 | D:7      | Gained mutation: You have claws for hands. [Jiyva's grace]
  4599 | D:7      | Gained mutation: You are robust. (+10% HP) [Jiyva's grace]
  4932 | D:7      | Reached skill level 11 in Axes
  5362 | D:8      | Noticed a two-headed ogre
  5371 | D:8      | Reached skill level 12 in Axes
  5371 | D:8      | Reached skill level 5 in Shields
  5377 | D:8      | Killed a two-headed ogre
  5378 | D:8      | Reached XP level 10. HP: 48/100 MP: 10/10
  5975 | D:8      | Reached ****** piety under Jiyva
  6172 | D:9      | Reached skill level 13 in Axes
  6207 | D:9      | Found a transporter.
  6227 | D:9      | Noticed a moth of wrath
  6227 | D:9      | Noticed Tiring's ghost (novice FoFi)
  6231 | D:9      | Noticed an ice dragon
  6232 | D:9      | Noticed a four-headed hydra
  6239 | D:9      | Found a transporter.
  6354 | D:9      | Gained mutation: You have large cloven feet. [Jiyva's
                  | grace]
  6354 | D:9      | Gained mutation: You have hoof-like feet. [Jiyva's grace]
  6354 | D:9      | Gained mutation: You have hooves in place of feet. [Jiyva's
                  | grace]
  6354 | D:9      | Gained mutation: You have a small jelly attached to you
                  | that may absorb projectiles. [Jiyva's grace]
  6403 | D:8      | Reached skill level 1 in Polearms
  6444 | D:9      | Found a shimmering blue altar of Sif Muna.
  6687 | D:9      | Found a bloodstained altar of Trog.
  6742 | D:9      | Found a snail-covered altar of Cheibriados.
  6822 | D:5      | Bought an ichor-stained scale mail for 180 gold pieces
  6822 | D:5      | Identified the +10 scale mail of Postoler {Harm Fly rElec
                  | Stlth-} (You bought it in a shop on level 5 of the Dungeon)
  6928 | D:10     | Entered Level 10 of the Dungeon
  6992 | D:10     | Found a white marble altar of Elyvilon.
  7015 | D:10     | Reached XP level 11. HP: 108/108 MP: 11/11
  7164 | D:10     | Found a sparkling altar of Nemelex Xobeh.
  7174 | D:10     | Found a staircase to the Lair.
  7360 | Lair:1   | Entered Level 1 of the Lair of Beasts
  7564 | Lair:1   | Reached skill level 5 in Polearms
  7564 | Lair:1   | Reached skill level 1 in Evocations
  7590 | Lair:1   | Reached skill level 10 in Fighting
  7644 | Lair:1   | Lost mutation: You have claws for hands. [Jiyva's grace]
  7644 | Lair:1   | Lost mutation: You have hooves in place of feet. [Jiyva's
                  | grace]
  7644 | Lair:1   | Gained mutation: Your body is covered in eyes which may
                  | confuse attackers. (Acc +7, SInv) [Jiyva's grace]
  7644 | Lair:1   | Gained mutation: You are partially covered in iridescent
                  | scales. (AC +2) [Jiyva's grace]
  7644 | Lair:1   | Gained mutation: You are mostly covered in iridescent
                  | scales. (AC +4) [Jiyva's grace]
  7644 | Lair:1   | Gained mutation: You are completely covered in iridescent
                  | scales. (AC +6) [Jiyva's grace]
  8543 | Lair:2   | Found a runed translucent gate.
  8543 | Lair:2   | Found a runed translucent gate.
  8543 | Lair:2   | Found a runed translucent gate.
  8544 | Lair:2   | Noticed a glowing orange brain
  8546 | Lair:2   | Noticed suzumiya's ghost (journeyman GrFi)
  8557 | Lair:2   | Found a viscous altar of Jiyva.
  8582 | Lair:2   | Killed a glowing orange brain
  8591 | Lair:2   | Killed suzumiya's ghost
  9166 | D:5      | Bought a pair of fine boots for 190 gold pieces
  9166 | D:5      | Identified the +0 pair of boots "Ajosyscho" {rElec rPois}
                  | (You bought it in a shop on level 5 of the Dungeon)
  9848 | Lair:3   | Reached XP level 12. HP: 113/118 MP: 12/12
  9875 | Lair:3   | Found a staircase to the Snake Pit.
 10051 | Lair:3   | Reached skill level 5 in Dodging
 10057 | Lair:3   | Reached skill level 5 in Evocations
 10062 | Lair:3   | Lost mutation: You have hoof-like feet. [Jiyva's grace]
 10062 | Lair:3   | Lost mutation: You are completely covered in iridescent
                  | scales. (AC +6) [Jiyva's grace]
 10062 | Lair:3   | Lost mutation: You are robust. (+10% HP) [Jiyva's grace]
 10062 | Lair:3   | Lost mutation: Your body is covered in eyes which may
                  | confuse attackers. (Acc +7, SInv) [Jiyva's grace]
 10062 | Lair:3   | Lost mutation: Your body has grown many eyes which may
                  | confuse attackers. (Acc +5) [Jiyva's grace]
 10062 | Lair:3   | Lost mutation: You have a small jelly attached to you that
                  | may absorb projectiles. [Jiyva's grace]
 10062 | Lair:3   | Gained mutation: You are agile. (Dex +4, Str/Int -1)
                  | [Jiyva's grace]
 10062 | Lair:3   | Gained mutation: You are very agile. (Dex +8, Str/Int -2)
                  | [Jiyva's grace]
 10062 | Lair:3   | Gained mutation: Your flesh is heat resistant. (rF+)
                  | [Jiyva's grace]
 10062 | Lair:3   | Gained mutation: Your flesh is very heat resistant. (rF++)
                  | [Jiyva's grace]
 10266 | Lair:3   | Found a staircase to the Shoals.
 10768 | Lair:4   | Reached skill level 10 in Polearms
 10973 | Lair:4   | Found a staircase to the Slime Pits.
 11469 | Slime:1  | Entered Level 1 of the Pits of Slime
 11473 | Slime:1  | Noticed an acid blob
 11562 | Slime:2  | Noticed a great orb of eyes
 11715 | Slime:1  | Noticed an acid blob
 11830 | Slime:1  | Noticed an azure jelly
 11856 | Slime:1  | Noticed an acid blob
 11857 | Slime:1  | Noticed an azure jelly
 11964 | Slime:3  | Noticed a rockslime
 11966 | Slime:3  | Noticed a great orb of eyes
 11966 | Slime:3  | Noticed an azure jelly
 11998 | Slime:3  | Noticed an acid blob
 12005 | Slime:3  | Noticed an acid blob
 12039 | Slime:3  | Noticed an acid blob
 12209 | Slime:2  | Noticed a quicksilver ooze
 12440 | Slime:5  | Entered Level 5 of the Pits of Slime
 12457 | Slime:5  | Noticed an acid blob
 12458 | Slime:5  | Found a viscous altar of Jiyva.
 12458 | Slime:5  | Noticed a quicksilver ooze
 12459 | Slime:5  | Noticed an azure jelly
 12459 | Slime:5  | Noticed the Royal Jelly
 12459 | Slime:5  | Noticed an azure jelly
 12459 | Slime:5  | Noticed an acid blob
 12460 | Slime:5  | Noticed an acid blob
 12460 | Slime:5  | Found the +8 frozen axe "Frostbite" {freeze, freezing
                  | cloud, *Noise Fly rC+}
 12461 | Slime:5  | Noticed a great orb of eyes
 12462 | Slime:5  | Identified the +0 helmet of the Barracuda {rN++ Regen+}
 12462 | Slime:5  | Noticed an acid blob
 12463 | Slime:5  | Noticed a great orb of eyes
 12476 | Slime:5  | Identified the +8 arbalest "Kaheceutu" {drain, rCorr Int+2}
 12483 | Slime:5  | Identified the +9 shortbow of Contradiction {elec, rF+
                  | Int-4 Dex+6}
 12487 | Slime:5  | Got a slimy rune of Zot
 12502 | Slime:5  | Identified the +10 war axe "Fopobo" {protect, rPois Str+3
                  | Stlth+}
 12503 | Slime:5  | Noticed an acid blob
 12516 | Slime:5  | Identified the +0 plate armour "Esif" {rElec rC- Regen+
                  | Str+7}
 12532 | Slime:5  | Noticed a quicksilver ooze
 12539 | Slime:5  | Noticed an acid blob
 12627 | Slime:5  | Noticed an acid blob
 12647 | Slime:4  | Noticed a quicksilver ooze
 12647 | Slime:4  | Noticed a great orb of eyes
 12647 | Slime:4  | Noticed a great orb of eyes
 12647 | Slime:4  | Noticed an azure jelly
 12647 | Slime:4  | Noticed a quicksilver ooze
 12647 | Slime:4  | Noticed an azure jelly
 12647 | Slime:4  | Noticed an acid blob
 12648 | Slime:4  | Noticed an acid blob
 12648 | Slime:4  | Noticed a great orb of eyes
 12649 | Slime:4  | Noticed a rockslime
 12651 | Slime:4  | Noticed an azure jelly
 12652 | Slime:4  | Noticed an acid blob
 12687 | Slime:4  | Noticed a rockslime
 12688 | Slime:4  | Noticed an acid blob
 12739 | Slime:4  | Noticed a great orb of eyes
 12913 | Slime:4  | Noticed an azure jelly
 12914 | Slime:4  | Noticed an acid blob
 13029 | Lair:5   | Entered Level 5 of the Lair of Beasts
 13063 | Lair:5   | Noticed a skyshark
 13069 | Lair:5   | Killed a skyshark
 13083 | Lair:5   | Noticed a skyshark
 13084 | Lair:5   | Lost mutation: You are very agile. (Dex +8, Str/Int -2)
                  | [Jiyva's grace]
 13084 | Lair:5   | Lost mutation: You are agile. (Dex +4, Str/Int -1) [Jiyva's
                  | grace]
 13084 | Lair:5   | Gained mutation: You passively map a small area around you.
                  | [Jiyva's grace]
 13084 | Lair:5   | Gained mutation: You passively map the area around you.
                  | [Jiyva's grace]
 13084 | Lair:5   | Gained mutation: You passively map a large area around you.
                  | [Jiyva's grace]
 13084 | Lair:5   | Gained mutation: A frigid envelope surrounds you and
                  | freezes all who hurt you. [Jiyva's grace]
 13087 | Lair:5   | Killed a skyshark
 13088 | Lair:5   | Reached XP level 13. HP: 116/116 MP: 13/13
 13148 | Lair:5   | Reached skill level 1 in Ranged Weapons
 13319 | Lair:5   | Noticed Kirke
 13334 | Lair:5   | Noticed a sphinx
 13495 | Lair:5   | Noticed a dire elephant
 13506 | Lair:5   | Killed a dire elephant
 13619 | Lair:5   | Found a burning altar of Makhleb.
 13632 | Lair:5   | Reached skill level 14 in Axes
 13644 | Lair:5   | Found a gateway to Hell.
 13651 | Lair:5   | Identified the staff of air "Kipoliud" {rElec rPois rF+ rC+
                  | Stlth+}
 13653 | Lair:5   | Identified a scroll of acquirement
 13658 | Lair:5   | Acquired 703 gold pieces
 13797 | Lair:5   | Killed Kirke
 13802 | Lair:5   | Reached XP level 14. HP: 111/127 MP: 14/14
 13949 | Hell     | Entered the Vestibule of Hell
 13949 | Hell     | Noticed Geryon
 13957 | Hell     | Noticed a reaper
 13970 | Hell     | Slain by a six-headed hydra simulacrum

Illustrated notes

Levels and vault maps discovered:
D:1:      dpeg_arrival_stone_temple_mockup, layout_basic, serial_aquarium,
          aquarium_bridge_long_joined [aquarium_subvault_bridge,
          aquarium_subvault_balcony, aquarium_subvault_window,
          aquarium_subvault_bridge, aquarium_subvault_bridge,
          aquarium_subvault_bridge], aquarium_bridge_island_small
          [aquarium_subvault_small_open, aquarium_subvault_bridge,
          aquarium_subvault_window, aquarium_subvault_wall,
          aquarium_subvault_wall], aquarium_window_fake, aquarium_window_corner,
          aquarium_view_2f, minmay_misc_feat_roman
D:2:      layout_loops_cross, shapermc_ecumenical_altar_mp_highgroup,
          minmay_diced_spiral
D:3:      layout_loops_ring, lemuel_round_altar, cheibrodos_sewer_entry_sluice,
          chequers_jeans, uniq_ijyb, uniq_sigmund
D:4:      layout_loops_cross, mainiacjoe_overflow_alcove_1
D:5:      layout_basic, nicolae_tso_besieged_by_evil, serial_shops, shop,
          uniq_blork_the_orc
D:6:      layout_basic, minmay_temple_entry_gardened_gates, uniq_maggie
D:7:      layout_loops_ring, st_stairs_2, chequers_serial_rivers_micro_b
D:8:      layout_gridville, minmay_misc_feat_chi, kennysheep_generic_room_7
D:9:      layout_cave_pools, chei_slow_surprise, nicolae_sif_muna_condensation,
          nicolae_overflow_hidden_temple, gammafunk_ghost_berserking_beasts
D:10:     layout_cave_pools, kennysheep_mini_moat,
          mainiacjoe_overflow_surrounded_room, lair_entry_dummy
Temple:   nicolae_temple_god_jail
Lair:1:   lemuel_reptile_caves, layout_cave_pods, grunt_megastairs_2
Lair:2:   layout_small_grid, gammafunk_ghost_ooze, infiniplex_staircase_pool,
          lemuel_fruit_fields
Lair:3:   layout_regular_city, shoals_dummy_entry,
          nicolae_snake_entry_warm_welcome, lemuel_fruit_tree
Lair:4:   layout_gridlike, slime_entry_1
Lair:5:   evil_forest, layout_gridlike, hangedman_lair_generics_rect, uniq_kirke
Slime:1:  layout_caves
Slime:2:  nicolae_slime_pool, layout_caves
Slime:3:  layout_caves
Slime:4:  layout_caves, special_room [special_room_jelly]
Slime:5
Hell

Skill      XL: |  1  2  3  4  5  6  7  8  9 10 11 12 13 |
---------------+----------------------------------------+-----
Fighting       | 4 5 6 8 9 10 11 12 | 12.8
Axes           | 3 4 5 6 8 10 12 13 14 | 14.7
Armour         | 4 5 6 7 8 |  8.7
Shields        | 4 5 6 7 9 |  9.0
Dodging        | 1 2 3 4 5 |  5.6
Stealth        | 1 2 |  2.0
Polearms       | 4 8 10 11 | 11.2
Evocations     | 4 6 7 |  7.0
Ranged Weapons | 4 |  4.7
Throwing       | |  0.7

Action                     |  1- 3 |  4- 6 |  7- 9 | 10-12 | 13-15 || total
---------------------------+-------+-------+-------+-------+-------++-------
  Melee: War axe           |   131 |   180 |   254 |    81 |       ||   646
         Trident           |       |       |       |   526 |       ||   526
         Kick              |       |       |       |   215 |    27 ||   242
         Executioner's axe |       |       |       |     5 |    90 ||    95
   Fire: Shortbow          |       |       |       |     5 |    63 ||    68
  Throw: Boomerang         |       |       |     2 |       |     1 ||     3
    Use: Scroll            |       |       |       |    19 |     5 ||    24
   Stab: Distracted        |     1 |       |       |       |       ||     1
         Confused          |       |       |     8 |    17 |       ||    25
 Armour: Scale mail        |    41 |       |       |   215 |   112 ||   368
         Leather armour    |    34 |       |       |       |       ||    34
         Ring mail         |       |   105 |    92 |    54 |       ||   251
  Dodge: Dodged            |    71 |    86 |    97 |   209 |    98 ||   561
  Block: Buckler           |    22 |       |       |       |       ||    22
         Kite shield       |    30 |    95 |    97 |   283 |       ||   505
